 Dungeon Crawl Stone Soup version 0.25-a0-265-g7af84ae0ac (webtiles) character file.

Game seed: 10064228393028420095, levelgen mode: deterministic

2021486 bmfx the Ruinous (level 27, 196/196 HPs)
             Began as a Deep Elf Arcane Marksman on Dec 7, 2019.
             Was the Champion of Vehumet.
             Escaped with the Orb
             ... and 4 runes on Dec 8, 2019!
             The game lasted 04:05:05 (100681 turns).

bmfx the Ruinous (Deep Elf Arcane Marksman)       Turns: 100681, Time: 04:05:05

Health: 196/196    AC: 20    Str:  5    XL:     27
Magic:  68/68      EV: 27    Int: 47    God:    Vehumet [******]
Gold:   8450       SH: 23    Dex: 15    Spells: 9/66 levels left

rFire    + + .     SeeInvis +   b - +0 staff of Battle
rCold    + . .     Gourm    .   Q - +4 large shield {rC+ rF+}
rNeg     + . .     Faith    .   I - +5 robe of Night {Dark MR+ SInv}
rPois    +         Spirit   .   q - +3 hat of Pondering {ponderous, MR+ MP+10 Int+5}
rElec    .         Reflect  .   H - +2 cloak {MR+}
rCorr    .         Harm     .   K - +2 pair of gloves {Dex+3}
MR       ++++.                  P - +3 pair of boots of Saewnyt {rPois SInv}
Stlth    +.........             u - amulet of Kejetheb {Acrobat rPois rF+ MR-}
HPRegen  0.42/turn              Y - +5 ring of intelligence
MPRegen  0.41/turn              p - ring of Ustoin {rN+ MP+9 Str-2 Int+6 Dex-2}

@: deflect missiles, slow
A: beak, clumsy 1, robust 1, MP-powered wands
0: Orb of Zot
}: 4/15 runes: decaying, slimy, silver, gossamer
a: Renounce Religion


You escaped.
You worshipped Vehumet.
Vehumet was exalted by your worship.
You were full.

You visited 12 branches of the dungeon, and saw 58 of its levels.
You visited 1 ziggurat, and saw 12 of its levels.
You also visited: Ossuary, Gauntlet and Ice Cave.

You collected 12250 gold pieces.
You spent 3800 gold pieces at shops.


Innate Abilities, Weirdness & Mutations

You have a beak for a mouth.
You are clumsy. (Dex -2)
You are robust. (+10% HP)
You expend magic power (3 MP) to strengthen your wands.

Dungeon Overview and Level Annotations

Branches:
Dungeon (15/15)            Temple (1/1) D:5            Lair (6/6) D:9
  Swamp (4/4) Lair:2       Spider (4/4) Lair:4        Slime (5/5) Lair:6
    Orc (2/2) D:12            Elf (3/3) Orc:2        Vaults (5/5) D:14
  Crypt (3/3) Vaults:3       Tomb (0/3) Crypt:3      Depths (5/5) D:15
    Zot (5/5) Depths:5    Ossuary (visited)           IceCv (visited)
Gauntlet (visited)

Altars:
Ashenzari
Cheibriados
Dithmenos
Elyvilon
Fedhas
Gozag
Hepliaklqana
Kikubaaqudgha
Makhleb
Nemelex Xobeh
Okawaru
Qazlal
Ru
Sif Muna
Trog
Uskayaw
Vehumet
Wu Jian
Xom
Yredelemnul
Zin
The Shining One
Jiyva

Shops:
D:9 [   D:12 (   Orc:2 =[(%   Elf:1 (   Elf:3 }==*   Vaults:1 [   Vaults:2 [
Vaults:3 *   Vaults:5 [:=?   Depths:1 ?[   Depths:2 (

Portals:
Hell: Depths:1 Depths:2 Depths:3 Depths:4 Depths:5
Abyss: Depths:2 Depths:4
Pandemonium: Depths:1 Depths:3

Annotations:
D:9 2 transporters
D:11 2 transporters, Leeroy's ghost, novice DrSk; Urug
D:15 3 runed translucent doors, exclusion: oklob plant, Tux's ghost, journeyman DgEE
Elf:1 3 runed translucent doors
Vaults:3 3 runed translucent doors, exclusion: obsidian statue, Pofumik's ghost, veteran MiFi
Vaults:4 1 runed translucent door, Syvvoagh's ghost, adept DENe


   Skills:
 - Level 20.0 Fighting
   Level 3.0 Short Blades
   Level 4.0 Crossbows
 + Level 21.5 Dodging
 - Level 4.1 Stealth
 - Level 20.0 Shields
 - Level 20.0 Spellcasting
 - Level 24.0 Conjurations
   Level 6.0 Hexes
 - Level 8.0 Charms
 - Level 6.0 Translocations
 - Level 20.0 Fire Magic
 - Level 20.0 Ice Magic
 - Level 7.2 Air Magic
 - Level 8.0 Evocations


You had 9 spell levels left.
You knew the following spells:

 Your Spells              Type           Power        Failure   Level  Hunger
a - Apportation           Tloc           ######       1%          1    None
b - Blink                 Tloc           N/A          1%          2    None
m - Deflect Missiles      Chrm/Air       #######...   4%          6    None
o - Orb of Destruction    Conj           #########.   1%          7    None
A - Glaciate              Conj/Ice       #########.   2%          9    ##.....
B - Ignition              Fire           ########..   1%          8    None
C - Fire Storm            Conj/Fire      #########.   2%          9    ##.....
E - Fireball              Conj/Fire      #########.   0%          5    None
F - Bolt of Magma         Conj/Fire/Erth ########..   1%          5    None
K - Irradiate             Conj/Tmut      ########..   1%          5    None

Your spell library contained the following spells:

 Spells                   Type           Power        Failure   Level  Hunger
 Foxfire                  Conj/Fire      ####         0%          1    None
 Freeze                   Ice            ####         0%          1    None
 Magic Dart               Conj           ####         0%          1    None
 Shock                    Conj/Air       ####         0%          1    None
 Ensorcelled Hibernation  Hex/Ice        ######       0%          2    None
 Searing Ray              Conj           ######       0%          2    None
 Conjure Flame            Conj/Fire      ########     0%          3    None
 Dazzling Flash           Conj/Hex       ######       0%          3    None
 Inner Flame              Hex/Fire       ########     0%          3    None
 Ozocubu's Armour         Chrm/Ice       ########     0%          3    None
 Static Discharge         Conj/Air       ########     0%          3    None
 Stone Arrow              Conj/Erth      ######       0%          3    None
 Fulminant Prism          Conj/Hex       ########..   0%          4    None
 Hailstorm                Conj/Ice       ########     0%          4    None
 Iskenderun's Mystic Bla  Conj/Tloc      ########     0%          4    None
 Sticky Flame             Conj/Fire      ########     0%          4    None
 Starburst                Conj/Fire      #########.   0%          6    None
 Animate Skeleton         Necr           N/A          1%          1    None
 Beastly Appendage        Tmut           #####.       1%          1    None
 Confusing Touch          Hex            ######       1%          1    None
 Corona                   Hex            #######      1%          1    None
 Infusion                 Chrm           ####         1%          1    None
 Pain                     Necr           ####         1%          1    None
 Sandblast                Erth           #####.       1%          1    None
 Sting                    Tmut/Pois      ####         1%          1    None
 Summon Small Mammal      Summ           ####         1%          1    None
 Call Imp                 Summ           #####...     1%          2    None
 Corpse Rot               Necr/Air       N/A          1%          2    None
 Passwall                 Tmut/Erth      #####...     1%          2    None
 Poisonous Vapours        Pois/Air       ######       1%          2    None
 Shroud of Golubria       Chrm/Tloc      ######       1%          2    None
 Slow                     Hex            #######.     1%          2    None
 Song of Slaying          Chrm           #######.     1%          2    None
 Sticks to Snakes         Tmut           #####...     1%          2    None
 Sublimation of Blood     Necr           #####.....   1%          2    None
 Swiftness                Chrm/Air       #######.     1%          2    None
 Confuse                  Hex            #######.     1%          3    None
 Gell's Gravitas          Tloc           #######...   1%          3    None
 Ignite Poison            Fire/Tmut/Pois #######.     1%          3    None
 Lesser Beckoning         Tloc           #######...   1%          3    None
 Mephitic Cloud           Conj/Pois/Air  ########     1%          3    None
 Portal Projectile        Hex/Tloc       ######       1%          3    None
 Recall                   Summ/Tloc      N/A          1%          3    None
 Regeneration             Chrm/Necr      ######....   1%          3    None
 Spectral Weapon          Hex/Chrm       #######.     1%          3    None
 Summon Guardian Golem    Hex/Summ       ######..     1%          3    None
 Teleport Other           Tloc           #######.     1%          3    None
 Tukima's Dance           Hex            #######.     1%          3    None
 Airstrike                Air            #######...   1%          4    None
 Cause Fear               Hex            #######...   1%          4    None
 Ice Form                 Ice/Tmut       #######.     1%          4    None
 Summon Ice Beast         Ice/Summ       #######.     1%          4    None
 Summon Lightning Spire   Summ/Air       ######..     1%          4    None
 Iskenderun's Battlesphe  Conj/Chrm      ########     1%          5    None
 Lightning Bolt           Conj/Air       ########..   1%          5    None
 Metabolic Englaciation   Hex/Ice        ########..   1%          5    None
 Silence                  Hex/Air        #######...   1%          5    None
 Yara's Violent Unravell  Hex/Tmut       ######....   1%          5    None
 Conjure Ball Lightning   Conj/Air       ########..   1%          6    None
 Freezing Cloud           Conj/Ice/Air   ########..   1%          6    None
 Iron Shot                Conj/Erth      ########..   1%          6    None
 Ozocubu's Refrigeration  Ice            ########..   1%          6    None
 Simulacrum               Ice/Necr       #######...   1%          6    None
 Ring of Flames           Chrm/Fire      ########..   1%          7    None
 Spellforged Servitor     Conj/Summ      ########..   1%          7    None
 Call Canine Familiar     Summ           #####...     2%          3    None
 Spider Form              Tmut/Pois      #####.....   2%          3    None
 Vampiric Draining        Necr           #####.....   2%          3    None
 Leda's Liquefaction      Hex/Erth       ######....   2%          4    None
 Olgreb's Toxic Radiance  Pois           #####...     2%          4    None
 Excruciating Wounds      Chrm/Necr      ######....   4%          5    None
 Lee's Rapid Deconstruct  Erth           #####.....   5%          5    None
 Summon Forest            Summ/Tloc      ######....   6%          5    None
 Summon Mana Viper        Hex/Summ       ######..     6%          5    None
 Animate Dead             Necr           N/A          8%          4    None
 Petrify                  Tmut/Erth      #####...     8%          4    None
 Darkness                 Hex            #######...   10%         6    None
 Invisibility             Hex            #######.     10%         6    None
 Agony                    Necr           #####...     21%         5    None
 Alistair's Intoxication  Tmut/Pois      #####...     21%         5    None
 Aura of Abjuration       Summ           #####.....   21%         5    None
 Blade Hands              Tmut           #####.....   21%         5    None
 Borgnjor's Vile Clutch   Necr/Erth      #####.....   21%         5    None
 Dispel Undead            Necr           #####...     21%         5    None
 Summon Demon             Summ           #####.....   21%         5    None
 Death Channel            Necr           #####.....   75%         6    None
 Eringya's Noxious Bog    Tmut/Pois      #####.....   75%         6    None
 Hydra Form               Tmut           #####.....   75%         6    None
 Shadow Creatures         Summ           N/A          75%         6    None
 Statue Form              Tmut/Erth      #####....    75%         6    None
 Dragon Form              Tmut           #####.....   99%         7    None
 Haunt                    Necr/Summ      #####.....   99%         7    None
 Discord                  Hex            #######...   99%         8    None
 Disjunction              Tloc           #######...   99%         8    None
 Borgnjor's Revivificati  Necr           #####.....   100%        8    None
 Death's Door             Chrm/Necr      ######....   100%        8    None
 Infestation              Necr           #####.....   100%        8    None
 Necromutation            Tmut/Necr      #####.....   100%        8    None
 Shatter                  Erth           #####.....   100%        9    ##.....
 Tornado                  Air            #######...   100%        9    ##.....
 Passage of Golubria      Tloc           Unusable     N/A         4    N/A

Action                   |  1- 3 |  4- 6 |  7- 9 | 10-12 | 13-15 | 16-18 | 19-21 | 22-24 | 25-27 || total
-------------------------+-------+-------+-------+-------+-------+-------+-------+-------+-------++-------
Melee: Dagger            |    50 |   195 |   263 |   157 |       |       |       |       |       ||   665
       Flail             |       |       |       |     1 |     6 |       |       |       |       ||     7
 Fire: Hand crossbow     |    42 |    92 |   189 |    15 |       |       |       |       |       ||   338
 Cast: Corona            |    49 |    40 |    31 |     5 |     1 |       |       |       |       ||   126
       Slow              |    14 |    58 |    65 |    17 |       |       |       |       |       ||   154
       Portal Projectile |       |     1 |     1 |       |       |       |       |       |       ||     2
       Foxfire           |       |       |    39 |    31 |     2 |       |       |       |       ||    72
       Sticky Flame      |       |       |    24 |   101 |    39 |    11 |       |       |       ||   175
       Cause Fear        |       |       |     2 |       |    11 |     2 |       |       |       ||    15
       Conjure Flame     |       |       |     7 |    23 |       |     1 |       |       |       ||    31
       Fireball          |       |       |       |   117 |   482 |   514 |   253 |   103 |    27 ||  1496
       Bolt of Magma     |       |       |       |     2 |    51 |    83 |    61 |    55 |     5 ||   257
       Orb of Destructio |       |       |       |       |    21 |    48 |    27 |    30 |     1 ||   127
       Starburst         |       |       |       |       |    11 |     7 |       |       |       ||    18
       Poisonous Vapours |       |       |       |       |       |    31 |       |       |       ||    31
       Ignition          |       |       |       |       |       |    12 |    37 |    27 |    14 ||    90
       Blink             |       |       |       |       |       |     1 |     5 |     2 |     3 ||    11
       Fire Storm        |       |       |       |       |       |       |   168 |   263 |   288 ||   719
       Deflect Missiles  |       |       |       |       |       |       |       |     2 |     3 ||     5
       Glaciate          |       |       |       |       |       |       |       |    23 |   231 ||   254
       Apportation       |       |       |       |       |       |       |       |       |     5 ||     5
Evoke: Wand              |       |       |    12 |    10 |    19 |     2 |       |    10 |     1 ||    54
       Sack of spiders   |       |       |       |     6 |     1 |     2 |       |       |       ||     9
       Lightning rod     |       |       |       |       |       |       |       |     4 |       ||     4
       Fan of gales      |       |       |       |       |       |       |       |       |     1 ||     1
  Use: Scroll            |       |     5 |     8 |    14 |    12 |    16 |     8 |    10 |    22 ||    95
       Potion            |       |       |     2 |     1 |     7 |     2 |       |     2 |     9 ||    23
 Stab: Sleeping          |     1 |     6 |    23 |    10 |       |       |       |       |       ||    40
  Eat: Chunk             |     3 |    14 |    13 |    33 |    21 |    21 |    29 |     6 |    24 ||   164
       Ration            |       |     1 |     4 |     9 |    12 |    11 |     5 |     8 |    24 ||    74
Armor: Robe              |    13 |    27 |    26 |       |     4 |       |    14 |    14 |    15 ||   113
       Skin              |       |     2 |       |       |     2 |       |       |       |       ||     4
       Steam dragon scal |       |       |    21 |    80 |    22 |    44 |     7 |       |       ||   174
Dodge: Dodged            |    51 |    97 |   155 |   199 |   169 |   134 |    67 |   105 |   110 ||  1087
       Deflected         |       |       |       |       |       |       |       |     7 |    25 ||    32
Block: Buckler           |       |       |       |    21 |    35 |    31 |    13 |    29 |    30 ||   159
       Large shield      |       |       |       |       |       |       |       |       |    14 ||    14

Skill      XL: |  1  2  3  4  5  6  7  8  9 10 11 12 13 14 15 16 17 18 19 20 21 22 23 24 25 26 27 |
---------------+----------------------------------------------------------------------------------+-----
Crossbows      | 2 3 4 |  4.0
Stealth        | 1 2 3 4 |  4.1
Spellcasting   | 2 3 4 6 9 10 12 13 15 18 20 | 20.0
Hexes          | 5 6 |  6.0
Fighting       | 1 3 7 8 10 12 14 15 18 20 | 20.0
Short Blades   | 3 |  3.0
Conjurations   | 1 5 6 9 10 12 14 15 16 18 19 20 22 24 | 24.0
Fire Magic     | 1 5 6 8 10 12 16 18 20 | 20.0
Evocations     | 7 8 |  8.0
Dodging        | 4 10 11 12 15 18 20 21 | 21.5
Shields        | 4 20 | 20.0
Translocations | 5 6 |  6.0
Ice Magic      | 10 14 19 20 | 20.0
Charms         | 8 |  8.0
Air Magic      | 7 |  7.2

Inventory:

Hand Weapons
 b - the +0 staff of Battle (weapon)
   (You found it on level 9 of a ziggurat)
Missiles
 S - 11 throwing nets (quivered) {!f}
 U - 26 curare-tipped darts
Armour
 n - the +6 large shield "Meju" {Int+5 Slay+2}
   (You bought it in a shop on level 5 of the Vaults)

   It affects your intelligence (+5).
   It affects your accuracy and damage with ranged weapons and melee attacks
   (+2).
 q - the +3 hat of Pondering (worn) {ponderous, MR+ MP+10 Int+5}
   (You found it on level 5 of the Vaults)

   It affects your intelligence (+5).
   It affects your resistance to hostile enchantments.
   It affects your magic capacity (+10).
 H - a +2 cloak of magic resistance (worn)
 I - the +5 robe of Night (worn) {Dark MR+ SInv}
   (You bought it in a shop on level 2 of the Vaults)

   It affects your resistance to hostile enchantments.
   It lets you see invisible.
 K - a +2 pair of gloves of dexterity (worn)
 P - the +3 pair of boots of Saewnyt (worn) {rPois SInv}
   (You acquired it on level 5 of the Vaults)

   It protects you from poison.
   It lets you see invisible.
 Q - a +4 large shield of resistance (worn)
Magical Staves
 a - an uncursed staff of energy {!a}
Jewellery
 l - an uncursed ring of protection from fire
 p - the ring of Ustoin (right hand) {rN+ MP+9 Str-2 Int+6 Dex-2}
   (You found it in a Gauntlet)

   [ring of dexterity]

   It affects your strength (-2).
   It affects your intelligence (+6).
   It affects your dexterity (-2).
   It protects you from negative energy.
   It affects your magic capacity (+9).
 u - the amulet of Kejetheb (around neck) {Acrobat rPois rF+ MR-}
   (You bought it in a shop on level 2 of the Orcish Mines)

   [amulet of the acrobat]

   It helps you evade while moving and waiting.
   It protects you from fire.
   It protects you from poison.
   It affects your resistance to hostile enchantments.
 D - an uncursed ring of resist corrosion
 E - an uncursed ring of protection from cold
 Y - a +5 ring of intelligence (left hand)
Wands
 i - a wand of iceblast (64)
 k - a wand of enslavement (31)
 w - a wand of clouds (5)
 x - a wand of paralysis (19)
 L - a wand of disintegration (53)
 O - a wand of digging (13)
 R - a wand of acid (20)
Scrolls
 j - 33 scrolls of teleportation {@r1}
 m - a scroll of holy word
 o - 6 scrolls of immolation
 A - 24 scrolls of remove curse {@r4}
 C - 8 scrolls of magic mapping
 G - 6 scrolls of fear
 M - 12 scrolls of fog
 N - 11 scrolls of blinking {@r2}
 W - 2 scrolls of summoning
 X - 15 scrolls of identify {@r3}
Potions
 c - a potion of resistance
 e - 6 potions of mutation
 g - 6 potions of cancellation
 h - 4 potions of magic
 r - 10 potions of ambrosia
 s - 15 potions of heal wounds {@q1}
 t - 7 potions of haste {@q4}
 z - 24 potions of curing {@q2}
 F - 6 potions of might
 J - 6 potions of flight
 T - 8 potions of brilliance
 Z - 11 potions of agility
Miscellaneous
 d - a lamp of fire
 y - a lightning rod (4/4)
 B - a phial of floods
 V - a fan of gales
Comestibles
 f - 49 rations

#....#....>.....................
#########..#########....(.######
###......##.....##.......##...
#.......##.......'##...####...
####....###'.........##..## #...
........###...........#### #...
##......##...).........## #...
#......##..............#### #...
#..............@..........###...
#......##.....(........##.(.....
#......##.............#+..#..#.#
#......###...........######..#..
#...#### #'......)..####........
#...# ###.......##.###.##.#.#
#...# ##.....###.# #......#
##### #######.#.######..#.
#............# #....


There were no monsters in sight!

Vanquished Creatures
  the Royal Jelly (Slime:5)
  8 orbs of fire
  6 ancient liches
  2 pandemonium lords
  A juggernaut (Depths:2)
  A greater mummy (Zig:4)
  Saint Roka (Elf:3)
  5 Killer Klowns
  the Lernaean hydra (Swamp:4)
  Margery (Crypt:3)
  4 caustic shrikes
  4 curse toes
  11 golden dragons
  Jory (Crypt:3)
  the Enchantress (Depths:3)
  Arachne (Spider:2)
  A bone dragon (Crypt:3)
  5 liches
  10 tentacled monstrosities
  6 electric golems
  Rupert (D:15)
  3 Hell Sentinels
  2 deep elf master archers (Elf:3)
  27 Orb Guardians
  8 titans
  3 deep elf blademasters
  6 quicksilver dragons
  7 death cobs
  17 acid blobs
  9 sphinxes
  An Executioner (Depths:5)
  5 thorn hunters
  A sphinx (shapeshifter) (Depths:2)
  16 storm dragons
  A storm dragon (shapeshifter) (Zig:6)
  11 shadow dragons
  13 draconian monks
  2 revenants
  12 azure jellies
  2 nagarajas (Zig:9)
  16 frost giants
  8 draconian knights
  8 tengu reavers
  9 fire giants
  A cacodemon (Zig:5)
  11 deep elf sorcerers
  18 vault wardens
  2 balrugs
  4 draconian scorchers
  7 deep elf elementalists
  A caustic shrike zombie (Zig:8)
  10 ghost moths
  An iron dragon (shapeshifter) (Vaults:5)
  10 emperor scorpions
  Louise (Spider:2)
  An emperor scorpion (shapeshifter) (Depths:4)
  4 iron dragons
  7 draconian shifters
  5 draconian stormcallers
  8 ghouls
  A warmonger (Zig:5)
  A juggernaut skeleton (Zig:2)
  15 ironheart preservers
  5 war gargoyles
  29 very ugly things
  20 stone giants
  2 caustic shrike skeletons
  3 spriggan defenders (Depths:3)
  2 reapers
  5 draconian annihilators
  A corrupter (Depths:4)
  9 green draconians
  13 deep elf demonologists
  22 black draconians
  3 entropy weavers
  8 vampire knights
  10 spark wasps
  A stone giant (shapeshifter) (Zig:6)
  5 deep elf annihilators
  17 yellow draconians
  15 white draconians
  4 purple draconians
  16 red draconians
  A minotaur (Gauntlet)
  7 death oozes
  Josephine (D:11)
  11 deep elf death magi
  A blizzard demon (Zig:8)
  6 eidola
  19 ettins
  A merfolk javelineer (Zig:7)
  3 crystal guardians (Crypt:3)
  5 jiangshi
  19 ogre magi
  A quicksilver dragon zombie (Crypt:3)
  9 fire dragons
  12 great orbs of eyes
  Fannar (Lair:2)
  16 yaktaur captains
  9 deep elf high priests
  Harold (D:7)
  4 rakshasas
  20 hydras
  5 spriggan air magi
  13 ice dragons
  A shambling mangrove (Swamp:2)
  24 vault guards (Vaults:5)
  2 ghost crabs (Swamp:2)
  8 death knights
  12 centaur warriors
  12 alligators
  50 two-headed ogres
  33 dancing weapons
  18 deep troll shamans
  A satyr (Zig:7)
  A titan zombie (Crypt:1)
  4 tengu warriors
  11 deep troll earth magi
  2 shock serpents (shapeshifter)
  9 spriggan berserkers
  12 death yaks
  An orc high priest (Orc:2)
  A satyr (shapeshifter) (Vaults:2)
  7 vampire magi
  2 shock serpents
  25 deep elf knights
  23 hell knights
  14 spriggans
  2 storm dragon zombies
  7 naga sharpshooters
  2 titan skeletons
  Nergalle (Lair:4)
  5 iron trolls
  35 deep trolls
  2 shadow wraiths
  5 sixfirhies
  A fire crab (shapeshifter) (Depths:1)
  19 skeletal warriors
  A salamander mystic (Zig:9)
  A sea snake (shapeshifter) (Depths:4)
  5 wizards
  3 shadow demons
  A quicksilver dragon simulacrum (Crypt:1)
  10 ironbrand convokers
  2 lindwurms
  14 swamp dragons
  4 glowing orange brains
  7 unseen horrors
  2 tengu zombies
  34 deep elf archers
  Pikel (D:4)
  A naga ritualist (Zig:9)
  2 golden dragon skeletons
  7 flayed ghosts
  An iron dragon zombie (Depths:2)
  19 necromancers
  A shadow dragon zombie (Crypt:2)
  6 phantasmal warriors
  A harpy (shapeshifter) (Vaults:1)
  16 orb spiders
  41 ugly things
  4 oklob plants (Lair:4)
  A tengu skeleton (Depths:1)
  A stone giant zombie (Depths:1)
  A frost giant zombie (Crypt:1)
  2 fire giant zombies
  2 fauns (Zig:7)
  3 orc sorcerers
  A mana viper (Zig:9)
  3 shadow dragon skeletons
  11 orc knights
  74 deep elf magi
  2 manticores
  A faun (shapeshifter) (Depths:2)
  A lindwurm (shapeshifter) (Vaults:5)
  2 salamanders
  22 wolf spiders
  2 cyclopes (shapeshifter)
  A moth of wrath (shapeshifter) (Depths:2)
  2 black mambas (shapeshifter)
  13 moths of wrath
  2 stone giant skeletons
  9 cyclopes
  2 eyes of devastation
  An iron dragon skeleton (Crypt:3)
  An ice statue (IceCv)
  2 guardian serpents
  2 fire giant skeletons
  16 vault sentinels
  A guardian serpent (shapeshifter) (Vaults:4)
  15 black mambas
  2 naga magi (Zig:9)
  A water nymph (shapeshifter) (Depths:3)
  22 spiny frogs
  2 torpor snails
  Joseph (D:9)
  A dire elephant skeleton (Crypt:3)
  A spiny frog (shapeshifter) (D:14)
  A titan simulacrum (Crypt:1)
  5 spectral swamp worms (Depths:2)
  A torpor snail (shapeshifter) (Zig:6)
  7 rime drakes
  A yaktaur zombie (Vaults:4)
  A rime drake (shapeshifter) (Vaults:5)
  54 yaktaurs
  10 demonic crawlers
  5 tengu conjurers
  19 freezing wraiths
  2 yaktaur skeletons (Vaults:3)
  8 komodo dragons
  3 guardian mummies (Zig:4)
  4 small abominations
  2 ice devils (Zig:8)
  A golden dragon simulacrum (Crypt:1)
  A wind drake (Zig:1)
  11 human skeletons
  A red devil (D:11)
  A hornet (shapeshifter) (Vaults:3)
  18 trolls
  A jumping spider (shapeshifter) (Depths:2)
  25 jumping spiders
  3 meliai (Gauntlet)
  A meliai (shapeshifter) (Depths:2)
  A polar bear (shapeshifter) (Vaults:5)
  15 polar bears
  2 blink frogs (shapeshifter)
  24 hornets
  A shadow dragon simulacrum (Depths:1)
  An alligator zombie (Crypt:3)
  9 tyrant leeches
  2 dream sheep (shapeshifter)
  15 bog bodies
  4 raiju (Zot:3)
  A fire dragon zombie (Crypt:3)
  9 hippogriffs
  An ettin zombie (Crypt:3)
  22 blink frogs
  A stone giant simulacrum (Vaults:3)
  140 slime creatures
  A meliai zombie (D:15)
  5 dream sheep
  65 redbacks
  4 ettin skeletons
  3 spriggan skeletons
  38 flying skulls
  21 tarantellas
  6 air elementals
  Sigmund (D:4)
  10 shadows
  A tarantella (shapeshifter) (Vaults:3)
  2 fire dragon skeletons
  8 water elementals
  11 wyverns
  An ushabti (Zig:4)
  9 wraiths
  A black mamba skeleton (Crypt:1)
  6 fire bats
  Grum (D:9)
  7 basilisks
  A vampire (D:11)
  65 yaks
  A hog (shapeshifter) (Gauntlet)
  3 steam dragons
  A hungry ghost (D:12)
  4 fire elementals
  3 large abominations
  8 vampire mosquitoes
  7 chaos spawn
  A yaktaur simulacrum (Vaults:3)
  A warg (shapeshifter) (Vaults:3)
  5 insubstantial wisps
  15 swamp worms
  A naga (Zig:9)
  A soldier ant (D:13)
  6 wargs
  5 acid dragons
  12 swamp drakes
  A floating eye (Depths:3)
  Duvessa (D:4)
  A merfolk skeleton (Crypt:2)
  A porcupine (shapeshifter) (Vaults:2)
  8 porcupines
  16 water moccasins
  5 ice beasts
  A sky beast (D:12)
  A blink frog zombie (Crypt:2)
  A floating eye (shapeshifter) (Zig:10)
  An eye of draining (shapeshifter) (Vaults:4)
  27 orc warriors
  A slave (D:4)
  5 necrophages
  2 black bears (D:9)
  5 eyes of draining
  An ettin simulacrum (Vaults:2)
  9 boggarts
  A hornet zombie (D:10)
  A swamp dragon zombie (Crypt:1)
  A phantom (D:11)
  57 ogres
  31 wolves
  An ice dragon simulacrum (Depths:1)
  A manticore skeleton (Crypt:1)
  A centaur (shapeshifter) (Vaults:5)
  14 centaurs
  2 elf skeletons
  12 crocodiles
  3 big kobolds
  An elf zombie (Crypt:1)
  12 bullfrogs
  2 wyvern zombies
  5 earth elementals
  Dowan (D:4)
  3 scorpions
  A scorpion (shapeshifter) (Vaults:5)
  5 spriggan zombies
  A troll zombie (Crypt:1)
  A human simulacrum (Vaults:4)
  A water moccasin skeleton (Crypt:2)
  14 killer bees
  17 wights
  11 electric eels
  A troll skeleton (Crypt:1)
  3 howler monkeys
  3 centaur zombies (Ossuary)
  A bullfrog zombie (D:8)
  9 crimson imps
  13 hounds
  2 quasits
  An iron imp (Depths:5)
  2 jellies
  4 human zombies
  Crazy Yiuf (D:4)
  2 bullfrog skeletons
  7 orc priests
  7 iguanas
  3 centaur skeletons
  15 orc wizards
  12 worker ants
  5 lightning spires (Zot:3)
  A killer bee zombie (D:8)
  A dwarf zombie (Crypt:1)
  4 ogre zombies
  A felid skeleton (Crypt:2)
  A naga skeleton (Crypt:3)
  13 mummies
  Robin (D:2)
  2 howler monkey zombies
  2 worker ant zombies
  14 adders
  2 shadow imps (D:7)
  3 white imps
  An ooze (D:4)
  2 adder zombies (Ossuary)
  3 adder skeletons
  4 worms
  5 dart slugs
  4 leopard geckos
  94 orcs
  8 giant cockroaches
  21 goblins
  16 hobgoblins
  A jackal (D:4)
  26 kobolds
  5 quokkas
  7 bats
  3 frilled lizards
  A giant cockroach zombie (D:5)
  3 goblin zombies (Ossuary)
  6 hobgoblin zombies (Ossuary)
  6 kobold zombies (Ossuary)
  3 quokka skeletons
  4 quokka zombies
  7 rats
  4 rat zombies (Ossuary)
  20 blocks of ice
  3 briar patches (Swamp:4)
  14 bushes (Elf:1)
  3 crawling corpses (Elf:3)
  81 fire vortices
  4 fungi
  8 plants
3049 creatures vanquished.

Vanquished Creatures (collateral kills)
  A caustic shrike (Depths:5)
  3 golden dragons
  An acid blob (Slime:5)
  2 quicksilver dragons
  An ancient champion (Crypt:2)
  A tengu reaver (Vaults:5)
  A ghoul (Crypt:2)
  A caustic shrike zombie (Depths:2)
  A draconian annihilator (Zig:12)
  An ironheart preserver (Vaults:4)
  2 very ugly things
  A stone giant (Depths:2)
  A green draconian (Zot:1)
  A purple draconian (Zot:4)
  2 white draconians
  2 yaktaur captains
  A deep elf high priest (Elf:3)
  An ogre mage (Depths:2)
  A dancing weapon (Elf:2)
  2 small abominations
  2 iron trolls (Depths:1)
  A skeletal warrior (Crypt:1)
  A deep troll (Depths:1)
  A golden dragon zombie (Depths:2)
  A deep elf archer (Elf:1)
  A glowing orange brain (Depths:3)
  2 orc knights
  A necromancer (Vaults:4)
  A tengu skeleton (Vaults:4)
  4 deep elf magi
  An ugly thing (Depths:2)
  A moth of wrath (Zot:1)
  A centaur skeleton (D:10)
  A gargoyle (D:11)
  3 yaktaurs
  A yaktaur skeleton (Vaults:3)
  A large abomination (Depths:4)
  2 redbacks
  A vampire (D:10)
  A water moccasin (D:11)
  An orc warrior (Vaults:4)
  A necrophage (Crypt:1)
  2 centaurs (D:10)
  A dream sheep skeleton (Crypt:2)
  An elf simulacrum (Depths:2)
  2 ogres
  A scorpion (shapeshifter) (Depths:2)
  3 wights (Crypt:2)
  An orc wizard (Vaults:5)
  A mummy (Crypt:1)
  3 orcs
  A kobold simulacrum (Crypt:2)
  An orc zombie (Crypt:1)
  3 bushes (Elf:1)
  3 crawling corpses (Elf:3)
80 creatures vanquished.

Vanquished Creatures (others)
  A ghost moth (Zot:3)
  A draconian shifter (Zot:3)
  2 black draconians (Zot:3)
  A deep elf annihilator (Elf:3)
  A shock serpent (Zot:3)
  A deep elf archer (Elf:1)
  A deep elf mage (Elf:1)
  A moth of wrath (Zot:3)
  A yaktaur (Vaults:2)
  An air elemental (Elf:1)
  A water elemental (Elf:1)
  An insubstantial wisp (Swamp:2)
  5 ball lightnings (Zot:3)
  A kobold (D:9)
  114 blocks of ice
  2 bushes
  A crawling corpse (Elf:3)
  665 fire vortices
  121 foxfires
  35 fungi
  35 plants
  3 toadstools (D:7)
995 creatures vanquished.

Grand Total: 4124 creatures vanquished

Levels and vault maps discovered:
D:1:      lemuel_arrival_rhombus, layout_basic
D:2:      layout_loops_ring, tso_oasis_becter, nicolae_overflow_crystal_walls,
          kennysheep_nub, uniq_robin
D:3:      layout_basic, kennysheep_ying_yang, kennysheep_okawaru_gauntlet,
          grunt_decor_arrowhead
D:4:      minmay_bubble_buster, layout_basic, minmay_vboxes, uniq_duvessa,
          uniq_crazy_yiuf_cottage, uniq_pikel, uniq_sigmund
D:5:      layout_layer_cave, kennysheep_little_box, lemuel_round_altar,
          minmay_temple_entry_metal_lava, first_ration
D:6:      layout_basic, grunt_temple_overflow_lords_of_destruction,
          kennysheep_mini_moat, chequers_ossuary_entry_cave,
          makhleb_heckhound_becter
D:7:      layout_basic, minmay_gold_behind_fungi, grunt_ogre_cave, uniq_harold
D:8:      layout_loops_ring, nicolae_ru_awakened_eye, kennysheep_cross_room,
          minmay_misc_feat_iff
D:9:      layout_loops_ring, gammafunk_temple_overflow_arena, lair_entry_dummy,
          serial_shops, nicolae_shop_waterfront, uniq_joseph, uniq_grum
D:10:     layout_cross, kennysheep_cluttered_room
D:11:     layout_irregular_city, gammafunk_ghost_stat_death,
          serial_column_ruins, column_ruins_hut, column_ruins_open_tiny,
          column_ruins_columns_straight, column_ruins_open_tiny,
          column_ruins_corridor_straight, column_ruins_columns_straight,
          uniq_sonja, uniq_urug, uniq_josephine
D:12:     layout_basic, orc_0_dummy, serial_shops, shop
D:13:     layout_cave_pods
D:14:     layout_loops_ring, david_vaults_4
D:15:     grunt_enter_depths_giant_problem, layout_irregular_city,
          portal_ice_cave_entry_pillars_1, gammafunk_ghost_necromancy,
          lemuel_oklob_altar, uniq_rupert
Temple:   chequers_temple_sunken
Lair:1:   layout_regular_city, guppyfry_lair_drakes, lemuel_fruit_tree,
          infiniplex_staircase_pool_2
Lair:2:   layout_regular_city, swamp_mist_pool, uniq_fannar
Lair:3:   layout_cave_pods, cheibrodos_lair_lostbears, grunt_megastairs_3
Lair:4:   layout_regular_city, dummy_spider_entry, kilobyte_rumbling_trees,
          serial_bayou_shore_a, minmay_lair_oklob_chamber, uniq_nergalle
Lair:5:   onia_ninara_swampy_vault, layout_gridlike, serial_bayou,
          serial_bayou_crossing, serial_bayou_lagoon_b, serial_bayou_pond_d,
          serial_bayou_pond_e, gauntlet_entry_generic
Lair:6:   hangedman_lair_tendril_chambers, layout_regular_city,
          guppyfry_lair_end_dragon, slime_altar_1
Swamp:1:  layout_basic_swamp, serial_swamp_ruin, evilmike_swamp_ruin_house_3,
          evilmike_swamp_ruin_house_4
Swamp:2:  layout_basic_swamp, nicolae_swamp_treefoil, swamp_pool2,
          cheibrodos_swamp_slimy
Swamp:3:  layout_basic_swamp, evilmike_swamp_ruin_house_6
Swamp:4:  grunt_swamp_rune_castle, layout_basic_swamp
Spider:1: layout_chambers, drop_trap
Spider:2: layout_spider_delve, uniq_arachne, uniq_louise
Spider:3: layout_spider_delve
Spider:4: grunt_spider_rune_circles
Slime:1:  layout_caves, cheibrodos_slime_lost_civilization_4
Slime:2:  layout_caves, nicolae_slime_phagocytosis
Slime:3:  layout_caves
Slime:4:  layout_caves
Slime:5
Orc:1:    layout_diamond_mine
Orc:2:    st_orc_open, layout_diamond_mine
Elf:1:    layout_geoelf_octagon, ploomutoo_gammafunk_ghost_potion_laboratory,
          serial_shops, shop_fountains, orc_legates, minivault_27,
          palyth_stone_intersect, minivault_4
Elf:2:    layout_geoelf_octagon
Elf:3:    grunt_elf_hall_spiral, layout_geoelf_octagon, serial_shops,
          nicolae_shop_stone, minivault_27, minmay_shop_grove, uniq_saint_roka
Vaults:1: vaults_room_large_hall, nicolae_vaults_lopsided_apartments, v_misc_23,
          nicolae_vaults_little_squares_2, v_alt_pattern_3,
          nicolae_vaults_network_square, vaults_room_pool, v_alt_pattern_4,
          vaults_room_stairs_pillars, layout_vaults_omnicross, serial_shops,
          shop
Vaults:2: vaults_mumra_lcd, hangedman_vaults_restitches,
          nicolae_vaults_circle_grid_a, vaults_room_hallway, serial_ice_g,
          nicolae_vaults_network_quinsquares
          [nicolae_vaults_network_quincunx_subvault,
          nicolae_vaults_network_quincunx_subvault,
          nicolae_vaults_network_quincunx_subvault,
          nicolae_vaults_network_quincunx_subvault], grunt_vaults_funnel,
          ontoclasm_vaults_chip, layout_vaults_omnigrid, serial_shops, shop
Vaults:3: ebering_vaults_ghost_gozag, nicolae_vaults_puzzle_piece,
          vaults_mumra_minichess_inversion, hangedman_vaults_nails,
          vaults_room_large_hall, vaults_room_grunt_arrival_ludios,
          minmay_crypt_entry_skeletal_spiral, vaults_room_hallway,
          hangedman_vaults_trim, nicolae_vaults_alarming,
          layout_vaults_chaotic_city
Vaults:4: ebering_vaults_ghost_inner_flame, hangedman_vaults_capsules, v_misc_2,
          v_alt_pattern_3, nicolae_vaults_rhombus_7, vaults_room_pool,
          v_misc_11, v_misc_1, ontoclasm_vaults_ligature,
          nicolae_vaults_specimen_jars, nicolae_vaults_network_periphery,
          nicolae_vaults_diagonal_hallway_8, layout_vaults_ring
Vaults:5
Crypt:1:  layout_regular_city, st_stairs_1, grunt_ministairs_3,
          lemuel_mausoleum_altar_kikubaaqudgha, grunt_crypt_arrival_webbed
Crypt:2:  layout_chaotic_city, nicolae_crypt_stairs_room, grunt_megastairs_5
Crypt:3:  cryptofortress_bobbens, uniq_jory, uniq_margery
Depths:1: layout_gridville, pan_entry, basic_altar, hell_entry,
          ashenzari_altar_1, kennysheep_random_hallway, minmay_shoptagon
Depths:2: minmay_the_grid_square_5x5_5x5 [minmay_the_grid_square_5x5_plus,
          minmay_the_grid_square_5x5_lines, minmay_the_grid_square_5x5_longway,
          minmay_the_grid_square_5x5_spiral, minmay_the_grid_square_5x5_c,
          minmay_the_grid_square_5x5_gyroscope,
          minmay_the_grid_square_5x5_prize_gold,
          minmay_the_grid_square_5x5_three_small,
          minmay_the_grid_square_5x5_prize_rear_guard,
          minmay_the_grid_square_5x5_tetrominoes, minmay_the_grid_square_5x5_z,
          minmay_the_grid_square_5x5_inset,
          minmay_the_grid_square_5x5_prize_junk,
          minmay_the_grid_square_5x5_tri_point,
          minmay_the_grid_square_5x5_doubleslash,
          minmay_the_grid_square_5x5_one_wall,
          minmay_the_grid_square_5x5_prize_monsterx,
          minmay_the_grid_square_5x5_bracketed,
          minmay_the_grid_square_5x5_prize_itemx,
          minmay_the_grid_square_5x5_hollow_slash,
          minmay_the_grid_square_5x5_two,
          minmay_the_grid_square_5x5_spiral_small,
          minmay_the_grid_square_5x5_minimal,
          minmay_the_grid_square_5x5_six_small,
          minmay_the_grid_square_5x5_n_small], layout_basic, enter_ziggurat_e,
          pf_hell_entry_tar_river, serial_shops,
          nicolae_shop_temple_entry_statues_fountains, abyss_entry,
          infiniplex_staircase_pool_1, firewood_loft
Depths:3: minmay_three_patterns, layout_basic, pan_entry,
          hangedman_decor_clover_reticule, hell_entry,
          kennysheep_decorative_pillar, kennysheep_generic_room_14,
          infiniplex_staircase_zigzag_5, uniq_enchantress
Depths:4: minmay_expanding_circles, layout_cave_pools, minmay_room_of_horrors,
          minmay_misc_feat_hallway, hell_entry, serial_bayou_shore_b
Depths:5: grunt_zot_entry_pinwheel, layout_basic, nicolae_wwwww,
          grunt_hell_entry_dis_mu, serial_bayou_shore_b
Zot:1:    layout_cathedral_of_symmetry, grunt_megastairs_2
Zot:2:    layout_onion_interference
Zot:3:    infiniplex_zot_generator, layout_basic, st_small_dragon_hoard_5,
          st_small_dragon_hoard_1
Zot:4:    layout_misc_corridors
Zot:5:    layout_twisted_circle


Message History

(N) Spider Nest (M) Slime Pits (O) Orcish Mines (E) Elven Halls (V) Vaults (C) Crypt (W) Tomb (U) Depths (H) Hell (Z) Zot
Where to? (Enter - D:1 @ (x,y), ? - help)
You climb upwards.
Your summoned ally is left behind.
Your battlesphere wavers and loses cohesion.
There is a stone staircase leading down here.
There is a stone staircase leading up here.
You climb upwards.
There is a stone staircase leading down here.
You see here a leather armour.
There is a stone staircase leading up here.
You climb upwards.
There is a stone staircase leading down here.
Your magical contamination has completely faded away.
There is an open door here.
You see here a +0 club.
Magic restored.
There is a staircase leading out of the dungeon here.
You have escaped!

Notes
Turn   | Place    | Note
-------+----------+-------------------------------------------
     0 | D:1      | bmfx the Deep Elf Arcane Marksman began the quest for the
                  | Orb.
     0 | D:1      | Reached XP level 1. HP: 11/11 MP: 5/5
   132 | D:1      | Reached skill level 1 in Stealth
   137 | D:1      | Reached XP level 2. HP: 16/16 MP: 2/6
   559 | D:1      | Learned a level 2 spell: Slow
   947 | D:2      | Reached XP level 3. HP: 20/20 MP: 6/8
   952 | D:2      | Learned a level 3 spell: Portal Projectile
  1108 | D:2      | Noticed Robin
  1576 | D:2      | Found a shimmering blue altar of Sif Muna.
  1734 | D:2      | Killed Robin
  1775 | D:2      | Reached XP level 4. HP: 20/24 MP: 4/9
  2129 | D:2      | Found a glowing golden altar of the Shining One.
  3163 | D:3      | Reached XP level 5. HP: 19/28 MP: 6/11
  3793 | D:3      | Found a white marble altar of Elyvilon.
  3916 | D:3      | Found an iron altar of Okawaru.
  3982 | D:3      | Found a basalt altar of Yredelemnul.
  4058 | D:4      | Found a runed translucent door.
  4059 | D:4      | Noticed Crazy Yiuf
  4078 | D:4      | Noticed Sigmund
  4112 | D:4      | Reached skill level 5 in Hexes
  4567 | D:4      | Reached XP level 6. HP: 33/33 MP: 9/13
  5515 | D:4      | Reached skill level 1 in Fighting
  5551 | D:4      | Noticed Duvessa
  5551 | D:4      | Noticed Dowan
  5722 | D:4      | Noticed a slave
  6156 | D:5      | Entered Level 5 of the Dungeon
  6164 | D:5      | Found a hide-covered altar of Uskayaw.
  6186 | D:5      | Reached XP level 7. HP: 37/39 MP: 12/15
  6195 | D:5      | Learned a level 4 spell: Cause Fear
  6439 | D:5      | Found an ancient bone altar of Kikubaaqudgha.
  6504 | D:5      | Found a staircase to the Ecumenical Temple.
  6514 | D:5      | Reached skill level 1 in Short Blades
  6685 | Temple   | Entered the Ecumenical Temple
  7808 | D:6      | Learned a level 1 spell: Foxfire
  7810 | D:6      | Found a burning altar of Makhleb.
  7853 | D:6      | Found a sand-covered staircase.
  7860 | Ossuary  | Entered an ossuary
  8051 | Ossuary  | Reached skill level 1 in Conjurations
  8051 | Ossuary  | Reached skill level 1 in Fire Magic
  8352 | Ossuary  | Reached XP level 8. HP: 34/46 MP: 13/16
  8486 | Ossuary  | Reached skill level 2 in Conjurations
  8935 | D:6      | Learned a level 4 spell: Sticky Flame
  9150 | D:6      | Found a radiant altar of Vehumet.
  9157 | D:6      | Found a burning altar of Makhleb.
  9158 | D:6      | Reached skill level 3 in Conjurations
  9166 | D:6      | Became a worshipper of Vehumet
  9559 | D:6      | Found a bloodstained altar of Trog.
  9925 | D:7      | Reached skill level 4 in Conjurations
 10292 | D:7      | Reached skill level 5 in Conjurations
 10292 | D:7      | Reached skill level 5 in Fire Magic
 10634 | D:7      | Noticed Harold
 11127 | D:8      | Found a sacrificial altar of Ru.
 11250 | D:8      | Reached XP level 9. HP: 49/50 MP: 15/18
 11410 | D:8      | Reached skill level 5 in Spellcasting
 11490 | D:8      | Learned a level 3 spell: Conjure Flame
 11541 | D:8      | Reached skill level 6 in Conjurations
 12304 | D:9      | Noticed Grum
 12488 | D:9      | Found a hazy altar of Hepliaklqana.
 12488 | D:9      | Noticed an ice dragon
 12492 | D:9      | Found a transporter.
 12536 | D:9      | Found a staircase to the Lair.
 12732 | D:9      | Reached skill level 1 in Evocations
 13124 | D:9      | Killed Grum
 13124 | D:9      | Reached skill level 5 in Evocations
 13127 | D:9      | Reached * piety under Vehumet
 13127 | D:9      | Offered knowledge of Sandblast by Vehumet.
 13202 | D:9      | Noticed Joseph
 13209 | D:9      | Killed Joseph
 13447 | D:9      | Reached XP level 10. HP: 55/55 MP: 16/21
 13477 | D:9      | Found a transporter.
 13947 | D:9      | Found Giby Fum's Antique Armour Boutique.
 13954 | D:9      | Bought a glowing scarf for 184 gold pieces
 14104 | D:9      | Learned a level 5 spell: Fireball
 14128 | D:10     | Entered Level 10 of the Dungeon
 14637 | D:10     | Offered knowledge of Searing Ray by Vehumet.
 14637 | D:10     | Reached skill level 7 in Conjurations
 15056 | D:10     | Reached ** piety under Vehumet
 16034 | D:4      | Noticed Pikel
 16064 | D:4      | Killed Duvessa
 16064 | D:4      | Reached skill level 8 in Conjurations
 16065 | D:4      | Killed Pikel
 16267 | D:4      | Killed Sigmund
 16307 | D:4      | Killed Crazy Yiuf
 16549 | D:4      | Killed Dowan
 17175 | D:7      | Killed Harold
 17175 | D:7      | Reached skill level 9 in Conjurations
 17175 | D:7      | Reached XP level 11. HP: 47/59 MP: 8/26
 17627 | D:11     | Reached skill level 10 in Spellcasting
 17783 | D:11     | Offered knowledge of Ignite Poison by Vehumet.
 17799 | D:11     | Noticed a two-headed ogre
 17803 | D:11     | Killed a two-headed ogre
 17803 | D:11     | Reached skill level 10 in Conjurations
 18023 | D:11     | Reached *** piety under Vehumet
 18026 | D:11     | Noticed an unseen horror
 18027 | D:11     | Noticed a cyan ugly thing
 18039 | D:11     | Killed an unseen horror
 18044 | D:11     | Killed a cyan ugly thing
 18073 | D:11     | Noticed Sonja
 18173 | D:11     | Found a transporter.
 18178 | D:11     | Noticed Leeroy's ghost (novice DrSk)
 18192 | D:11     | Noticed Sonja
 18192 | D:11     | Sonja changed into Sonja the basilisk
 18200 | D:11     | Killed Sonja the basilisk
 18268 | D:11     | Found a transporter.
 18372 | D:11     | Offered knowledge of Dazzling Flash by Vehumet.
 18464 | D:11     | Reached skill level 1 in Shields
 18464 | D:11     | Noticed Josephine
 18494 | D:11     | Killed Josephine
 18747 | D:11     | Noticed an unseen horror
 18811 | D:11     | Killed an unseen horror
 19026 | D:11     | Reached skill level 10 in Fire Magic
 19229 | D:11     | Noticed Urug
 19471 | D:11     | Reached **** piety under Vehumet
 20238 | D:12     | Offered knowledge of Static Discharge by Vehumet.
 20388 | D:12     | Reached XP level 12. HP: 63/63 MP: 22/28
 20404 | D:12     | Reached skill level 5 in Dodging
 20610 | D:12     | Found Ebberuonk's Antique Weapon Emporium.
 20663 | D:12     | Got a slimy chain mail
 21179 | D:12     | Found a staircase to the Orcish Mines.
 21629 | Lair:1   | Entered Level 1 of the Lair of Beasts
 21878 | Lair:1   | Learned a level 5 spell: Bolt of Magma
 21921 | Lair:1   | Noticed a seven-headed hydra
 22230 | Lair:1   | Killed a seven-headed hydra
 22864 | Lair:2   | Noticed Fannar
 22903 | Lair:2   | Reached skill level 10 in Dodging
 22993 | Lair:2   | Killed Fannar
 23296 | Lair:2   | Got a bloodstained flail
 23297 | Lair:2   | Identified the +7 flail of Equilibrium {holy, Int+3} (You
                  | found it on level 2 of the Lair of Beasts)
 23349 | Lair:2   | Reached skill level 5 in Fighting
 23386 | Lair:2   | Found a staircase to the Swamp.
 23461 | Lair:2   | Reached ***** piety under Vehumet
 23461 | Lair:2   | Offered knowledge of Lightning Bolt by Vehumet.
 24344 | Lair:3   | Noticed an eight-headed hydra
 24348 | Lair:3   | Killed an eight-headed hydra
 25574 | Lair:4   | Reached XP level 13. HP: 75/75 MP: 9/29
 26301 | Lair:4   | Identified the Handbook of Shape Shifting and Hexes
 26458 | Lair:4   | Found a hole to the Spider Nest.
 26747 | Lair:4   | Noticed Nergalle
 26753 | Lair:4   | Killed Nergalle
 27479 | Lair:5   | Found a gate leading to a gauntlet.
 27510 | Gauntlet | Entered a Gauntlet
 27510 | Gauntlet | Found a transporter.
 27510 | Gauntlet | Found a transporter.
 27526 | Gauntlet | Found a transporter.
 27530 | Gauntlet | Found a transporter.
 27544 | Gauntlet | Found a transporter.
 27554 | Gauntlet | Found a transporter.
 27571 | Gauntlet | Found a large runed translucent door.
 27572 | Gauntlet | Found a large runed translucent door.
 27573 | Gauntlet | Found a large runed translucent door.
 27573 | Gauntlet | Found a large runed translucent door.
 27574 | Gauntlet | Found a runed translucent gate.
 27575 | Gauntlet | Found a transporter.
 27575 | Gauntlet | Found a runed translucent gate.
 27576 | Gauntlet | Found a large runed translucent door.
 27576 | Gauntlet | Found a large runed translucent door.
 27576 | Gauntlet | Found a runed translucent door.
 27577 | Gauntlet | Found a large runed translucent door.
 27578 | Gauntlet | Found a large runed translucent door.
 27580 | Gauntlet | Found a transporter.
 27584 | Gauntlet | Found a transporter.
 27586 | Gauntlet | Noticed a death ooze
 27598 | Gauntlet | Found a transporter.
 27598 | Gauntlet | Found a transporter.
 27598 | Gauntlet | Found a transporter.
 27648 | Gauntlet | Found a large runed translucent door.
 27649 | Gauntlet | Found a large runed translucent door.
 27650 | Gauntlet | Found a large runed translucent door.
 27650 | Gauntlet | Found a large runed translucent door.
 27650 | Gauntlet | Found a runed translucent door.
 27651 | Gauntlet | Found a large runed translucent door.
 27652 | Gauntlet | Found a large runed translucent door.
 27653 | Gauntlet | Found a large runed translucent door.
 27653 | Gauntlet | Found a large runed translucent door.
 27654 | Gauntlet | Found a runed translucent gate.
 27717 | Gauntlet | Got a transparent amber ring
 27819 | Gauntlet | Identified the cursed ring of Ustoin {rN+ MP+9 Str-2 Int+6
                  | Dex-2} (You found it in a Gauntlet)
 27947 | Gauntlet | Learned a level 7 spell: Orb of Destruction
 28405 | Gauntlet | Noticed a minotaur
 28409 | Gauntlet | Killed a minotaur
 28508 | Lair:5   | Reached skill level 11 in Conjurations
 29844 | Lair:5   | Reached skill level 12 in Conjurations
 30693 | Lair:6   | Entered Level 6 of the Lair of Beasts
 30939 | Lair:6   | Reached XP level 14. HP: 83/83 MP: 29/32
 31676 | Lair:6   | Offered knowledge of Olgreb's Toxic Radiance by Vehumet.
 32447 | Lair:6   | Reached skill level 13 in Conjurations
 33729 | Lair:6   | Found a staircase to the Slime Pits.
 33730 | Lair:6   | Found a viscous altar of Jiyva.
 34239 | Lair:6   | Reached skill level 10 in Fighting
 34303 | Lair:6   | Reached skill level 14 in Conjurations
 34472 | Lair:6   | Offered knowledge of Yara's Violent Unravelling by Vehumet.
 36377 | D:14     | Reached XP level 15. HP: 64/91 MP: 25/33
 36381 | D:14     | Reached skill level 15 in Conjurations
 37274 | D:14     | Found a gate to the Vaults.
 37700 | D:15     | Entered Level 15 of the Dungeon
 37708 | D:15     | Noticed Rupert
 37916 | D:15     | Found a stormy altar of Qazlal.
 37988 | D:15     | Found a frozen archway.
 37997 | IceCv    | Entered an ice cave
 38428 | IceCv    | Offered knowledge of Starburst by Vehumet.
 38437 | IceCv    | Learned a level 6 spell: Starburst
 38930 | IceCv    | Identified the Guide on the Snowflakes
 39211 | D:15     | Killed Rupert
 39731 | D:15     | Found a runed translucent gate.
 39731 | D:15     | Found a runed translucent gate.
 39732 | D:15     | Found a runed translucent gate.
 39733 | D:15     | Noticed Tux's ghost (journeyman DgEE)
 39757 | D:15     | Noticed a fire giant
 39768 | D:15     | Killed a fire giant
 40286 | D:15     | Found a staircase to the Depths.
 40590 | Orc:1    | Entered Level 1 of the Orcish Mines
 40994 | Orc:2    | Entered Level 2 of the Orcish Mines
 41376 | Orc:2    | Offered knowledge of Conjure Ball Lightning by Vehumet.
 41589 | Orc:2    | Reached XP level 16. HP: 101/101 MP: 34/34
 42037 | Orc:2    | Found Zoqerph's Antique Weapon Shop.
 42050 | Orc:2    | Found Wurefut's Food Shop.
 42054 | Orc:2    | Found Waxuwula's Armour Shoppe.
 42061 | Orc:2    | Found Xyutz's Jewellery Boutique.
 42123 | Orc:2    | Bought a +5 ring of intelligence for 494 gold pieces
 42222 | Orc:2    | Found a staircase to the Elven Halls.
 42578 | Orc:2    | Bought the amulet of Kejetheb {Acrobat rPois rF+ MR-} for
                  | 528 gold pieces
 42830 | Spider:1 | Entered Level 1 of the Spider Nest
 43917 | Spider:2 | Noticed Louise
 44146 | Swamp:1  | Entered Level 1 of the Swamp
 44156 | Swamp:1  | Reached skill level 16 in Conjurations
 45937 | Swamp:2  | Reached skill level 15 in Fire Magic
 46308 | Swamp:2  | Noticed a thorn hunter
 46309 | Swamp:2  | Killed a thorn hunter
 46411 | Swamp:2  | Got a coiled pewter ring
 46664 | Swamp:2  | Identified the ring of Divine Compulsion {Ice +Blink rPois
                  | MP-9 Int-2} (You found it on level 2 of the Swamp)
 46972 | Swamp:3  | Noticed a thorn hunter
 46974 | Swamp:3  | Killed a thorn hunter
 47233 | Swamp:3  | Noticed a thorn hunter
 47241 | Swamp:3  | Killed a thorn hunter
 47766 | Swamp:3  | Noticed a thorn hunter
 47770 | Swamp:3  | Killed a thorn hunter
 47770 | Swamp:3  | Reached XP level 17. HP: 106/106 MP: 36/36
 48091 | Swamp:4  | Entered Level 4 of the Swamp
 48362 | Swamp:4  | Reached ****** piety under Vehumet
 48375 | Swamp:4  | Offered knowledge of Conjure Ball Lightning by Vehumet.
 48894 | Swamp:4  | Reached skill level 15 in Spellcasting
 49271 | Swamp:4  | Learned a level 2 spell: Blink
 49277 | Swamp:4  | Learned a level 5 spell: Irradiate
 49283 | Swamp:4  | Identified a scroll of acquirement
 49508 | Swamp:4  | Noticed the 27-headed Lernaean hydra
 49814 | Swamp:4  | Killed the 27-headed Lernaean hydra
 49893 | Swamp:4  | Got a decaying rune of Zot
 50394 | Lair:5   | Learned a level 2 spell: Poisonous Vapours
 50678 | Spider:2 | Killed Louise
 50678 | Spider:2 | Noticed Arachne
 50682 | Spider:2 | Killed Arachne
 51496 | Spider:3 | Reached skill level 15 in Dodging
 52075 | Spider:3 | Offered knowledge of Conjure Ball Lightning by Vehumet.
 52815 | Spider:4 | Entered Level 4 of the Spider Nest
 52986 | Spider:4 | Reached XP level 18. HP: 101/112 MP: 6/39
 53517 | Spider:4 | Offered knowledge of Fire Storm by Vehumet.
 53517 | Spider:4 | Offered knowledge of Glaciate by Vehumet.
 53517 | Spider:4 | Offered knowledge of Ignition by Vehumet.
 53545 | Spider:3 | Learned a level 8 spell: Ignition
 53996 | Spider:4 | Reached skill level 17 in Conjurations
 54734 | Spider:4 | Identified Riol's Volume of the Voyage and Flight
 54795 | Spider:4 | Got a gossamer rune of Zot
 55285 | Vaults:1 | Entered Level 1 of the Vaults
 55841 | Vaults:1 | Reached skill level 18 in Conjurations
 56595 | Vaults:1 | Found Soppup's Antique Armour Shoppe.
 56633 | Vaults:1 | Bought a transparent robe for 256 gold pieces
 56633 | Vaults:1 | Identified the cursed +0 robe of the Onion {rN++ Int-2
                  | Dex+3 SInv} (You bought it in a shop on level 1 of the
                  | Vaults)
 56862 | Vaults:1 | Reached XP level 19. HP: 116/116 MP: 43/43
 57055 | Vaults:1 | Learned a level 9 spell: Fire Storm
 57407 | Vaults:2 | Paralysed by a sphinx for 4 turns
 57412 | Vaults:2 | Reached skill level 19 in Conjurations
 57816 | Vaults:2 | Found Qithoill's Armour Boutique.
 57824 | Vaults:2 | Bought the +5 robe of Night {Dark MR+ SInv} for 1020 gold
                  | pieces
 57824 | Vaults:2 | Found the +5 robe of Night {Dark MR+ SInv}
 60527 | Vaults:3 | Found a runed translucent gate.
 60528 | Vaults:3 | Found a runed translucent gate.
 60529 | Vaults:3 | Found a runed translucent gate.
 60529 | Vaults:3 | Found an opulent altar of Gozag.
 60576 | Vaults:3 | Noticed Pofumik's ghost (veteran MiFi)
 60692 | Vaults:3 | Reached XP level 20. HP: 122/122 MP: 44/44
 60921 | Vaults:3 | Reached skill level 20 in Conjurations
 61239 | Vaults:3 | Found a staircase to the Crypt.
 61364 | Vaults:3 | Found Xiceocs's Assorted Antiques.
 61723 | Vaults:4 | Found a runed translucent door.
 61724 | Vaults:4 | Noticed Syvvoagh's ghost (adept DENe)
 63600 | Elf:1    | Entered Level 1 of the Elven Halls
 63899 | Elf:1    | Found a runed translucent gate.
 63899 | Elf:1    | Found a runed translucent gate.
 63900 | Elf:1    | Found a runed translucent gate.
 64044 | Elf:1    | You fall into a shaft and drop 1 floor!
 64143 | Elf:2    | Found a huge runed translucent gate.
 64144 | Elf:2    | Found a huge runed translucent gate.
 64145 | Elf:2    | Found a huge runed translucent gate.
 64146 | Elf:2    | Found a huge runed translucent gate.
 64147 | Elf:2    | Found a huge runed translucent gate.
 64959 | Elf:1    | Found Vupiddih's Weapon Shop.
 65214 | Elf:1    | Found a runed translucent gate.
 65214 | Elf:1    | Found a runed translucent gate.
 65214 | Elf:1    | Found a runed translucent gate.
 65214 | Elf:1    | Found a runed translucent gate.
 65214 | Elf:1    | Found a runed translucent gate.
 65215 | Elf:1    | Found a runed translucent gate.
 65226 | Elf:1    | Reached XP level 21. HP: 132/132 MP: 40/45
 65900 | Elf:2    | Identified the cursed +1 great mace "Dolaicreu" {freeze,
                  | +Blink Dex-3 SInv Stlth+}
 66281 | Elf:3    | Entered Level 3 of the Elven Halls
 66379 | Elf:3    | Found Joul's Assorted Antiques.
 66402 | Elf:3    | Bought a scroll labeled ETAOQO MOTRUH for 23 gold pieces
 66501 | Elf:3    | Identified the +5 shield of the Distant Future {*Slow rPois
                  | Regen+ Int+5}
 66724 | Elf:3    | Reached skill level 15 in Fighting
 66816 | Elf:3    | Noticed Saint Roka
 66818 | Elf:3    | Killed Saint Roka
 66828 | Elf:3    | Identified the cursed +0 leather armour of the Gravedigger
                  | {rN++ rCorr} (You took it off a deep elf sorcerer on level
                  | 3 of the Elven Halls)
 66946 | Elf:3    | p0werm0de: whatup mayne no discord l0ve anymore
 66967 | Elf:3    | p0werm0de: cloak of night eh
 67198 | Elf:3    | Identified the +1 buckler of the Secret Scars {rElec Dex+5}
                  | (You took it off a deep elf mage on level 3 of the Elven
                  | Halls)
 67320 | Elf:3    | Identified the Catalogue of Weightlessness and Conjuration
 67325 | Elf:3    | Learned a level 1 spell: Apportation
 67339 | Elf:3    | Found Cudith's Jewellery Boutique.
 67340 | Elf:3    | Found Xaemnena's Gadget Emporium.
 67340 | Elf:3    | Found Olew's Jewellery Boutique.
 67598 | Elf:3    | Identified the Almanac of Boosting Attacks
 67747 | Elf:3    | Learned a level 6 spell: Deflect Missiles
 68117 | Crypt:1  | Entered Level 1 of the Crypt
 68149 | Crypt:1  | Reached skill level 1 in Translocations
 68949 | Crypt:1  | Found an ancient bone altar of Kikubaaqudgha.
 69503 | Crypt:2  | Reached skill level 5 in Translocations
 69568 | Crypt:2  | Reached XP level 22. HP: 140/140 MP: 10/46
 70622 | Crypt:2  | Identified the Handbook of Fire and Evil Magic
 70823 | Crypt:3  | Entered Level 3 of the Crypt
 71028 | Crypt:3  | Noticed Jory
 71029 | Crypt:3  | Killed Jory
 71044 | Crypt:3  | Learned a level 9 spell: Glaciate
 71044 | Crypt:3  | Noticed Margery
 71060 | Crypt:3  | Killed Margery
 71294 | Crypt:3  | Reached skill level 1 in Ice Magic
 71835 | Crypt:3  | Reached skill level 5 in Ice Magic
 71947 | Crypt:3  | Noticed an ancient lich
 71950 | Crypt:3  | Killed an ancient lich
 72347 | Crypt:3  | Found a basalt altar of Yredelemnul.
 72597 | Crypt:3  | Found a staircase to the Tomb.
 73171 | Depths:1 | Entered Level 1 of the Depths
 73323 | Depths:1 | Reached skill level 10 in Ice Magic
 73405 | Depths:1 | Found a shattered altar of Ashenzari.
 73488 | Depths:1 | Reached XP level 23. HP: 144/144 MP: 46/47
 73692 | Depths:1 | Found Lex Viok's Magic Scroll Shop.
 73692 | Depths:1 | Found Febeamm's Armour Boutique.
 74084 | Depths:1 | Found a gateway to Hell.
 74185 | Depths:1 | Found a one-way gate leading to the halls of Pandemonium.
 74232 | Depths:1 | Reached skill level 1 in Charms
 74354 | Depths:1 | Reached skill level 1 in Air Magic
 74643 | Depths:1 | Found a radiant altar of Vehumet.
 74906 | Depths:2 | Reached skill level 5 in Charms
 75309 | Depths:2 | Reached skill level 5 in Air Magic
 75445 | Depths:2 | Found Irphoafip's Weapon Emporium.
 75637 | Depths:2 | Found a gateway to a ziggurat.
 75921 | Depths:2 | Noticed a juggernaut
 75925 | Depths:2 | Killed a juggernaut
 76704 | Depths:1 | Bought a scroll of enchant armour for 112 gold pieces
 77727 | Depths:2 | Noticed a caustic shrike
 77737 | Depths:2 | Killed a caustic shrike
 77743 | Depths:2 | Reached XP level 24. HP: 150/150 MP: 20/47
 77850 | Depths:2 | Reached skill level 15 in Ice Magic
 77875 | Depths:2 | Found a one-way gate to the infinite horrors of the Abyss.
 78222 | Depths:3 | Noticed the Enchantress
 78223 | Depths:3 | Killed the Enchantress
 80882 | Depths:4 | Identified the cursed +1 ring mail of Igill {+Blink rN+}
 80885 | Depths:4 | Identified the +1 pair of gloves of the Hidden Vale
                  | {*Corrode *Drain rElec Stlth+} (You found it on level 4 of
                  | the Depths)
 81093 | Depths:5 | Entered Level 5 of the Depths
 81101 | Depths:5 | Reached XP level 25. HP: 151/155 MP: 24/47
 82325 | Depths:5 | Identified the +2 plate armour of Awe {+Blink} (You found
                  | it on level 5 of the Depths)
 82773 | Depths:5 | Found a gate to the Realm of Zot.
 83090 | Vaults:5 | Entered Level 5 of the Vaults
 83123 | Vaults:5 | Noticed an ancient lich
 83128 | Vaults:5 | Killed an ancient lich
 83530 | Vaults:5 | Reached XP level 26. HP: 159/170 MP: 40/47
 84197 | Vaults:5 | Identified the +2 buckler "Uheys" {Int+4}
 85039 | Vaults:5 | Got a silver rune of Zot
 85044 | Vaults:5 | Found the +3 hat of Pondering {ponderous, MR+ MP+10 Int+5}
 85358 | Vaults:5 | Identified the Volume of the Frostbite and Changing
 85463 | Vaults:5 | Found Humutece's Magic Scroll Boutique.
 85481 | Vaults:5 | Bought a scroll of acquirement for 936 gold pieces
 85482 | Vaults:5 | Got a pair of faintly humming boots
 85483 | Vaults:5 | Identified the +3 pair of boots of Saewnyt {rPois SInv}
                  | (You acquired it on level 5 of the Vaults)
 85522 | Vaults:5 | Found Voavei's Antique Armour Emporium.
 85527 | Vaults:5 | Bought a faintly glowing large shield for 247 gold pieces
 85527 | Vaults:5 | Identified the +6 large shield "Meju" {Int+5 Slay+2} (You
                  | bought it in a shop on level 5 of the Vaults)
 85530 | Vaults:5 | Found Batydem's Book Shop.
 85615 | Vaults:5 | Found Cairai's Jewellery Shop.
 85998 | Zig:1    | Entered Level 1 of a ziggurat
 86111 | Zig:2    | Entered Level 2 of a ziggurat
 86157 | Zig:3    | Entered Level 3 of a ziggurat
 86206 | Zig:4    | Entered Level 4 of a ziggurat
 86208 | Zig:4    | Noticed a greater mummy
 86211 | Zig:4    | Killed a greater mummy
 86575 | Zig:5    | Entered Level 5 of a ziggurat
 86578 | Zig:5    | Noticed Niohum the pandemonium lord
 86581 | Zig:5    | Killed Niohum the pandemonium lord
 86583 | Zig:5    | Found the +5 robe of Misfortune {*Contam Harm *Corrode
                  | *Drain *Slow EV+5}
 86610 | Zig:6    | Entered Level 6 of a ziggurat
 86771 | Zig:7    | Entered Level 7 of a ziggurat
 86778 | Zig:7    | Reached skill level 21 in Conjurations
 86793 | Zig:8    | Entered Level 8 of a ziggurat
 86890 | Zig:9    | Entered Level 9 of a ziggurat
 86918 | Zig:9    | Found the +0 staff of Battle
 86940 | Zig:10   | Entered Level 10 of a ziggurat
 86955 | Zig:10   | Reached skill level 22 in Conjurations
 86965 | Zig:10   | Found the cursed +14 obsidian axe {chop, +Fly SInv *Curse}
 86975 | Zig:11   | Entered Level 11 of a ziggurat
 87021 | Zig:11   | Reached XP level 27. HP: 179/179 MP: 47/47
 87028 | Zig:11   | Identified the Guide on Dusty Hexes
 87032 | Zig:11   | Reached skill level 23 in Conjurations
 87048 | Zig:12   | Entered Level 12 of a ziggurat
 87086 | Zig:12   | Identified the Handbook of Poison and Fire
 87091 | Zig:12   | Identified Sif Muna's Disquisition on the Cloudy Frostbite
 87490 | Slime:1  | Entered Level 1 of the Pits of Slime
 87666 | Slime:2  | Reached skill level 5 in Shields
 87791 | Slime:5  | Entered Level 5 of the Pits of Slime
 87823 | Slime:5  | Reached skill level 24 in Conjurations
 87905 | Slime:5  | Noticed the Royal Jelly
 87908 | Slime:5  | Killed the Royal Jelly
 87965 | Slime:5  | Found the +3 giant club "Skullcrusher" {speed, Str+7}
 88124 | Slime:5  | Got a slimy rune of Zot
 88164 | Slime:5  | Identified Eprye's Catalogue of Intoxication and
                  | Transformation
 88976 | Zot:1    | Entered Level 1 of the Realm of Zot
 89371 | Zot:1    | Reached skill level 10 in Shields
 90860 | Zot:2    | Got a heavily runed silver ring
 90861 | Zot:2    | Identified the ring of the Empty Page {Dex+6 Stlth-} (You
                  | found it on level 2 of the Realm of Zot)
 91456 | Zot:3    | Noticed an orb of fire
 91459 | Zot:3    | Killed an orb of fire
 91830 | Zot:3    | Identified the ring "Ufreoxul" {Ice rElec rN++ Str-2 Int+3}
                  | (You found it on level 3 of the Realm of Zot)
 92745 | Zot:3    | Reached skill level 15 in Shields
 93218 | Zot:4    | Noticed an orb of fire
 93221 | Zot:4    | Killed an orb of fire
 96323 | Zot:5    | Entered Level 5 of the Realm of Zot
 96964 | Zot:5    | Noticed an ancient lich
 96967 | Zot:5    | Killed an ancient lich
 97046 | Zot:5    | Noticed an ancient lich
 97051 | Zot:5    | Killed an ancient lich
 97243 | Zot:5    | Noticed an orb of fire
 97247 | Zot:5    | Killed an orb of fire
 97645 | Zot:5    | Noticed an orb of fire
 97650 | Zot:5    | Killed an orb of fire
 97650 | Zot:5    | Noticed an orb of fire
 97651 | Zot:5    | Gained mutation: Your magical capacity is low. (-10% MP)
                  | [an orb of fire]
 97656 | Zot:5    | Killed an orb of fire
 97895 | Zot:5    | Noticed an orb of fire
 97898 | Zot:5    | Gained mutation: You are clumsy. (Dex -2) [an orb of fire]
 97899 | Zot:5    | Killed an orb of fire
 98005 | Zot:5    | Noticed an ancient lich
 98009 | Zot:5    | Killed an ancient lich
 98245 | Zot:5    | Noticed an orb of fire
 98247 | Zot:5    | Noticed an orb of fire
 98248 | Zot:5    | Gained mutation: Scrolls take you a little longer to read.
                  | [an orb of fire]
 98250 | Zot:5    | Killed an orb of fire
 98250 | Zot:5    | Killed an orb of fire
 98278 | Zot:5    | Noticed an ancient lich
 98280 | Zot:5    | Killed an ancient lich
 99842 | Zot:1    | Lost mutation: You are clumsy. (Dex -2) [potion of
                  | mutation]
 99842 | Zot:1    | Lost mutation: Scrolls take you a little longer to read.
                  | [potion of mutation]
 99842 | Zot:1    | Gained mutation: Your flesh is heat resistant. (rF+)
                  | [potion of mutation]
 99842 | Zot:1    | Gained mutation: You are frail. (-10% HP) [potion of
                  | mutation]
 99842 | Zot:1    | Gained mutation: You have sharp toenails. [potion of
                  | mutation]
 99842 | Zot:1    | Gained mutation: You are resistant to hostile enchantments.
                  | (MR+) [potion of mutation]
 99843 | Zot:1    | Lost mutation: You are frail. (-10% HP) [potion of
                  | mutation]
 99843 | Zot:1    | Lost mutation: Your magical capacity is low. (-10% MP)
                  | [potion of mutation]
 99843 | Zot:1    | Lost mutation: You are resistant to hostile enchantments.
                  | (MR+) [potion of mutation]
 99843 | Zot:1    | Lost mutation: You have sharp toenails. [potion of
                  | mutation]
 99843 | Zot:1    | Gained mutation: Your spells are a little easier to cast,
                  | but a little less powerful. [potion of mutation]
 99843 | Zot:1    | Gained mutation: You have a beak for a mouth. [potion of
                  | mutation]
 99843 | Zot:1    | Gained mutation: You passively map a small area around you.
                  | [potion of mutation]
 99843 | Zot:1    | Gained mutation: You are somewhat resistant to further
                  | mutation. [potion of mutation]
 99844 | Zot:1    | Lost mutation: Your flesh is heat resistant. (rF+) [potion
                  | of mutation]
 99844 | Zot:1    | Lost mutation: You passively map a small area around you.
                  | [potion of mutation]
 99844 | Zot:1    | Lost mutation: Your spells are a little easier to cast, but
                  | a little less powerful. [potion of mutation]
 99844 | Zot:1    | Lost mutation: You are somewhat resistant to further
                  | mutation. [potion of mutation]
 99844 | Zot:1    | Gained mutation: You are robust. (+10% HP) [potion of
                  | mutation]
 99844 | Zot:1    | Gained mutation: You are clumsy. (Dex -2) [potion of
                  | mutation]
 99844 | Zot:1    | Gained mutation: You expend magic power (3 MP) to
                  | strengthen your wands. [potion of mutation]
100081 | Zot:5    | Got the Orb of Zot
100473 | D:11     | Noticed Cexoum the pandemonium lord
100476 | D:11     | Killed Cexoum the pandemonium lord
100681 | D:$      | Escaped with the Orb!
